 Dungeon Crawl Stone Soup version 0.25-a0-842-g81a31cfd23 (webtiles) character file.

Game seed: 4923829448707256182, levelgen mode: deterministic

149 Conn the Magician (level 5, 0/31 HPs)
             Began as an Octopode Wizard on Apr 25, 2020.
             Succumbed to a gnoll sergeant's poison
             ... on level 3 of the Dungeon.
             The game lasted 00:15:58 (3141 turns).

Conn the Magician (Octopode Wizard)                 Turns: 3141, Time: 00:15:58

Health: 0/31       AC:  2    Str:  6    XL:     5   Next: 31%
Magic:  4/12       EV: 13    Int: 21    God:
Gold:   156        SH:  0    Dex: 11    Spells: 2/13 levels left

rFire    . . .     SeeInvis .   f - +0 dagger
rCold    . . .     Gourm    .   (no shield)
rNeg     . . .     Faith    .   a - +1 hat
rPois    .         Spirit   .   (no amulet)
rElec    .         Reflect  .   (no ring)
rCorr    .         Harm     .   (no ring)
MR       .....                  (no ring)
Stlth    +++.......             (no ring)
HPRegen  0.10/turn              (no ring)
MPRegen  0.13/turn              (no ring)
                                (no ring)
                                (no ring)

@: brilliant, lethally poisoned (0 -> -13), berserk cooldown, flying, very
slightly contaminated, hasted and slowed
A: almost no armour, stealthy swim, amphibious, 8 rings, constrict 8, camouflage
1, gelatinous body 1
a: no special abilities


You were on level 3 of the Dungeon.
You were not hungry.

You visited 1 branch of the dungeon, and saw 3 of its levels.

You collected 156 gold pieces.

Inventory:

Hand Weapons
 f - a +0 dagger (weapon)
Missiles
 b - 41 poisoned darts (quivered)
Armour
 a - a +1 hat (worn)
Scrolls
 g - a scroll of magic mapping {unknown}
 h - 2 scrolls of teleportation
 i - 3 scrolls of identify
 l - 2 scrolls of fear {unknown}
Potions
 j - a potion of haste
Comestibles
 c - 7 rations
 d - a chunk of flesh


   Skills:
 + Level 2.6 Dodging
 + Level 2.9 Stealth
 * Level 4.7 Spellcasting
 + Level 1.9 Conjurations
 + Level 1.3 Summonings
 * Level 1.0 Translocations
 + Level 0.2 Fire Magic


You had 2 spell levels left.
You knew the following spells:

 Your Spells              Type           Power        Failure   Level  Hunger
a - Magic Dart            Conj           ###.         4%          1    None
b - Blink                 Tloc           N/A          11%         2    None
c - Call Imp              Summ           ###.....     10%         2    None
d - Conjure Flame         Conj/Fire      ##......     22%         3    None
e - Mephitic Cloud        Conj/Pois/Air  ##......     26%         3    None

Your spell library contained the following spells:

 Spells                   Type           Power        Failure   Level  Hunger
 Slow                     Hex            #.......     17%         2    None


Dungeon Overview and Level Annotations

Branches:
Dungeon (3/15)

Altars:
Xom

Annotations:
D:3 1 transporter, kuniqs's ghost, amateur TeFE


Innate Abilities, Weirdness & Mutations

You cannot wear most types of armour.
You are very stealthy in the water. (Stealth+)
You are amphibious.
You can wear up to eight rings at the same time.
You can use your tentacles to constrict eight enemies at once.
Your skin changes colour to match your surroundings (Stealth+).
Your rubbery body absorbs attacks. (AC +1, EV +1)


Message History

You feel sick.
Okay, then.
As you read the scroll of teleportation, it crumbles to dust.
You feel strangely unstable.
* * * LOW HITPOINT WARNING * * *
You feel sick.
Okay, then.
* * * LOW HITPOINT WARNING * * *
You feel sick.
Kuniqs's ghost opens the door.
* * * LOW HITPOINT WARNING * * *
You feel sick.
The gnoll shaman calls upon its god to heal the gnoll sergeant.
The gnoll sergeant's wounds heal themselves!
* * * LOW HITPOINT WARNING * * *
You feel sick.
Your surroundings suddenly seem different.
* * * LOW HITPOINT WARNING * * *
You feel sick.
Okay, then.
You die...

.........# #.# #.# .♣.P..##.##
#.# #.### ♣≈≈≈P###..# #.# #....
≈P≈≈≈♣###.# #.# #####'###
≈≈≈P≈.....## ###.########......##
≈≈≈≈≈......# #..........'........
≈≈≈≈≈P.....# #.#.#.....##......##
.≈≈≈≈......###.#.#[..÷.#########
≈≈≈≈........##.#@#.............#
P≈.≈≈P....#.##.#.#.....#######.#
..≈.≈.....#.##.#.####.## #[#
.≈≈P......#..#.#.# #.# #.#
.♣♣.......##.#.#.# #.# #.#
..........##.#.#.# #.# #.#
..........##.#.#.####.#### #.#
..........#..............#####.##
≈≈≈≈≈≈≈≈≈.#.#..#.#####...........


There were no monsters in sight!

Vanquished Creatures
  6 adders
  A gnoll (D:3)
  2 leopard geckos (D:2)
  2 orcs (D:3)
  2 ball pythons
  4 bats
  6 hobgoblins
  9 frilled lizards
  8 goblins
  4 kobolds
  8 rats
52 creatures vanquished.

Vanquished Creatures (collateral kills)
  Jessica (D:2)
  2 adders
  3 worms
  A dart slug (D:3)
  A leopard gecko (D:2)
  An orc (D:3)
  A hobgoblin (D:3)
  A bat (D:2)
  A frilled lizard (D:2)
  A kobold (D:2)
13 creatures vanquished.

Vanquished Creatures (others)
  3 plants (D:3)
3 creatures vanquished.

Grand Total: 68 creatures vanquished

Notes
Turn   | Place    | Note
-------+----------+-------------------------------------------
     0 | D:1      | Conn the Octopode Wizard began the quest for the Orb.
     0 | D:1      | Reached XP level 1. HP: 11/11 MP: 4/4
   367 | D:1      | Reached XP level 2. HP: 17/17 MP: 4/6
   400 | D:1      | Learned a level 2 spell: Blink
   403 | D:1      | Learned a level 2 spell: Call Imp
   948 | D:2      | Found a shimmering altar of Xom.
  1148 | D:2      | Noticed Jessica
  1409 | D:2      | Killed Jessica
  1409 | D:2      | Reached XP level 3. HP: 21/21 MP: 5/8
  1446 | D:2      | Reached skill level 4 in Spellcasting
  1645 | D:2      | Reached XP level 4. HP: 16/27 MP: 0/10
  2132 | D:2      | Learned a level 3 spell: Conjure Flame
  2136 | D:2      | Learned a level 3 spell: Mephitic Cloud
  2498 | D:3      | Identified the +4 kite shield of Modesty {rC+ Stlth+}
  2498 | D:3      | Noticed a gnoll sergeant
  2516 | D:3      | Noticed kuniqs's ghost (amateur TeFE)
  2531 | D:3      | Found a transporter.
  2558 | D:3      | Found a transporter.
  2585 | D:3      | Reached XP level 5. HP: 29/31 MP: 4/12
  3140 | D:3      | HP: 1/31 [poisoned by a gnoll sergeant]
  3141 | D:3      | Succumbed to a gnoll sergeant's poison

Levels and vault maps discovered:
D:1:      psy_arrival_dodecagon, layout_loops_ring, chequers_garden
D:2:      layout_basic, old_standard_altar, minmay_split_cup_small, uniq_jessica
D:3:      layout_basic, gammafunk_ghost_gnarly_gnolls, first_ration,
          serial_bayou_pond_b

Skill      XL: |  1  2  3 |
---------------+----------+-----
Spellcasting   | 4 |  4.7
Dodging        | |  2.6
Stealth        | |  2.9
Conjurations   | |  1.9
Summonings     | |  1.3
Translocations | |  1.0
Fire Magic     | |  0.2

Action                   |  1- 3 |  4- 6 || total
-------------------------+-------+-------++-------
Melee: Unarmed           |    21 |     6 ||    27
       Constrict         |     8 |     9 ||    17
       Tentacles         |     4 |     4 ||     8
       Dagger            |       |    19 ||    19
 Cast: Magic Dart        |    56 |    51 ||   107
       Call Imp          |    17 |     8 ||    25
       Conjure Flame     |       |     3 ||     3
       Mephitic Cloud    |       |     1 ||     1
       Blink             |       |     1 ||     1
  Use: Scroll            |     5 |     3 ||     8
       Potion            |     2 |     4 ||     6
 Stab: Sleeping          |       |     2 ||     2
  Eat: Chunk             |     2 |     5 ||     7
Armor: Skin              |     4 |     3 ||     7
Dodge: Dodged            |    24 |    20 ||    44

Table legend:
 A = Non-vault XP
 B = Vault XP
 C = Vault XP percentage of total XP
 D = Non-vault monster count
 E = Vault monster count
 F = Vault count percentage of total count
                 A         B        C        D         E       F
            +---------+---------+-------+---------+---------+-------
      Total |     151 |      63 |  29.4 |      58 |       7 |  10.8
            +---------+---------+-------+---------+---------+-------
        D:1 |      25 |       0 |   0.0 |      17 |       0 |   0.0
        D:2 |      52 |      29 |  35.8 |      18 |       4 |  18.2
        D:3 |      74 |      34 |  31.5 |      23 |       3 |  11.5
            +---------+---------+-------+---------+---------+-------
